 Dungeon Crawl Stone Soup version 0.18-a0-1186-gd02dc51 (webtiles) character file.

69 kae the Firebug (level 4, 0/24 HPs)
             Began as a Deep Elf Fire Elementalist on Jan 28, 2016.
             Slain by an orc
             ... wielding a +0 trident
              (5 damage)
             ... on level 2 of the Dungeon.
             The game lasted 00:02:13 (2083 turns).

kae the Firebug (Deep Elf Fire Elementalist)        Turns: 2083, Time: 00:02:14

Health: 0/24       AC:  3    Str:  6    XL:     4   Next: 2%
Magic:  11/11      EV: 13    Int: 20    God:
Gold:   61         SH:  0    Dex: 15    Spells: 1 memorised, 9 levels left

rFire  . . .     SeeInvis .     (no weapon)
rCold  . . .     Gourm    .     a - +0 robe
rNeg   . . .     Faith    .     (no shield)
rPois  .         Spirit   .     (no helmet)
rElec  .         Dismiss  .     (no cloak)
rCorr  .         Reflect  .     o - +0 pair of gloves
SustAt .         Harm     .     (no boots)
MR     .....                    (no amulet)
Stlth  ++........               (no ring)
                                (no ring)

@: not resistant to hostile enchantments, unstealthy
A: no striking features
a: no special abilities


You were on level 2 of the Dungeon.
You were not hungry.

You visited 1 branch of the dungeon, and saw 3 of its levels.

You collected 61 gold pieces.

Inventory:

Armour
 a - a +0 robe (worn)
 o - a +0 pair of gloves (worn)
Jewellery
 l - an uncursed ring of fire {unknown}
Scrolls
 e - 3 scrolls of remove curse
 k - a scroll of teleportation {unknown}
 m - a scroll of identify
 n - a scroll of magic mapping {unknown}
Potions
 d - 2 potions of agility
 f - a potion of mutation {unknown}
 i - a potion of heal wounds {unknown}
 j - a potion of flight {unknown}
 p - a potion of poison {unknown}
Books
 b - a book of Flames

   Spells                             Type                      Level
   a - Flame Tongue                   Conjuration/Fire             1
   b - Throw Flame                    Conjuration/Fire             2
   c - Conjure Flame                  Conjuration/Fire             3
   d - Inner Flame                    Hexes/Fire                   3
   e - Sticky Flame                   Conjuration/Fire             4
   f - Fireball                       Conjuration/Fire             5
Comestibles
 c - 4 bread rations
 g - 3 meat rations
 h - a beef jerky


   Skills:
 - Level 2.4 Dodging
 - Level 2.4 Stealth
 + Level 3.9 Spellcasting
 * Level 2.5 Conjurations
 * Level 4.3 Fire Magic


You had 9 spell levels left.
You knew the following spells:

 Your Spells              Type           Power        Failure   Level  Hunger
a - Flame Tongue          Conj/Fire      ###..        3%          1    None


Dungeon Overview and Level Annotations

Branches:
Dungeon (3/15)

Altars:
Qazlal


Message History

The orc shouts!
The orc completely misses you. The giant newt bites you.
* * * LOW HITPOINT WARNING * * *
The orc hits you but does no damage. The orc hits you.
* * * LOW HITPOINT WARNING * * *
You climb upwards.
There is a stone staircase leading down here.
Unknown command.
Unknown command.
Read which item? (? for menu, Esc to quit)
Okay, then.
Read which item? (? for menu, Esc to quit)
As you read the scroll labeled ZELLIBULUC, it crumbles to dust.
It is a scroll of identify.
Identify which item? (\ to view known items) (? for menu, Esc to quit)
d - 2 potions of agility The orc barely misses you.
The giant newt hisses menacingly.
The orc hits you with a trident.
You die...

####### #.....#
######.....###
#............#
##########.####.....#.#
#.....ooo..# #.....#.#
#.....#@#### #######.#
#.#.#.#o# #.# #.#...#.#
#.##
#.##..#.#############...
#.......##...>...##.....
#.......##..5.ยง..##.#...
#.##.##.##.>.....#......
#.##.##.##.......#......
#.##.##.##.......#......


You could see 4 orcs.

Vanquished Creatures
  A gnoll (D:1)
  An ooze (D:2)
  A worm (D:2)
  3 giant geckos
  3 orcs (D:3)
  A ball python (D:1)
  5 bats
  2 giant cockroaches
  7 hobgoblins
  3 jackals (D:2)
  5 giant newts
  5 goblins
  4 kobolds
  2 rats (D:1)
43 creatures vanquished.

Notes
Turn   | Place    | Note
--------------------------------------------------------------
     0 | D:1      | kae the Deep Elf Fire Elementalist began the quest for the Orb.
     0 | D:1      | Reached XP level 1. HP: 10/10 MP: 6/6
    98 | D:1      | Reached XP level 2. HP: 15/15 MP: 5/8
   452 | D:1      | Reached skill level 4 in Fire Magic
   634 | D:1      | Reached XP level 3. HP: 19/19 MP: 7/9
  1411 | D:2      | Found a stormy altar of Qazlal.
  1411 | D:2      | Noticed a water elemental
  1415 | D:2      | Noticed an earth elemental
  1419 | D:2      | Noticed an air elemental
  1419 | D:2      | Noticed a fire elemental
  1902 | D:3      | Reached XP level 4. HP: 22/24 MP: 5/11
  2083 | D:2      | Slain by an orc

Vault maps used:
D:1:      mushboom_english_gardens
D:2:      nicolae_qazlal_style_of_elements
D:3:      marbit_many_paths, first_bread

Action                   |  1- 3 |  4- 6 || total
-------------------------+-------+-------++-------
Melee: Unarmed           |    11 |       ||    11
 Cast: Flame Tongue      |    76 |     1 ||    77
  Use: Scroll            |     2 |     1 ||     3
  Eat: Chunk             |     3 |       ||     3
